 Dungeon Crawl Stone Soup version 0.29.1-2-gbd0b4ee654 (webtiles) character file.

Game seed: 1758001118166112239

342 Descartes the Magician (level 6, -1/28 HPs)
             Began as a Spriggan Wanderer on Nov 17, 2022.
             Was an Initiate of Gozag.
             Succumbed to a hornet's poison
             ... on level 4 of the Dungeon.
             The game lasted 00:04:45 (2689 turns).

Descartes the Magician (Spriggan Wanderer)          Turns: 2689, Time: 00:04:45

Health: -1/28      AC:  3    Str:  5    XL:     6   Next: 30%
Magic:  13/13      EV: 18    Int: 16    God:    Gozag
Gold:   243        SH:  0    Dex: 17    Spells: 8/13 levels left

rFire   . . .      SeeInvis +   c - +0 dagger
rCold   . . .      Faith    .   (no shield)
rNeg    . . .      Spirit   .   e - +0 robe
rPois   +          Reflect  .   (helmet restricted)
rElec   .          Harm     .   o - +0 cloak
rCorr   .          Rampage  .   (gloves unavailable)
Will    +....                   (boots unavailable)
Stlth   +++.......              (no amulet)
HPRegen 0.09/turn               k - ring of poison resistance
MPRegen 0.13/turn               (no ring)

@: lethally poisoned (-1 -> -4), gold aura, on berserk cooldown, slowed, quick
A: very small, no large weapons, unfitting armour, see invisible, speed 3
a: Renounce Religion, Potion Petition, Call Merchant, Bribe Branch


You were on level 4 of the Dungeon.
You worshipped Gozag.
Gozag was aware of your devotion.
You visited 1 branch of the dungeon, and saw 4 of its levels.

You collected 269 gold pieces.
You paid 26 gold pieces to Gozag.

Inventory:

Hand Weapons
 a - a +2 sling
 c - a +0 dagger (weapon)
Missiles
 b - 22 poisoned darts (quivered)
Armour
 e - a +0 robe (worn)
 o - a +0 cloak (worn)
Jewellery
 k - a ring of poison resistance (left hand)
 n - a ring of fire
Wands
 q - a wand of flame (25)
 x - a wand of charming (11)
Scrolls
 f - 4 scrolls of teleportation {unknown}
 g - a scroll of silence {unknown}
 h - a scroll of amnesia {unknown}
 i - a scroll of summoning {unknown}
 r - 4 scrolls of poison {unknown}
 t - a scroll of vulnerability {unknown}
 u - a scroll of immolation {unknown}
 v - 2 scrolls of identify {unknown}
Potions
 d - 2 potions of lignification
 j - a potion of curing {unknown}
 m - a potion of berserk rage
 p - a potion of resistance {unknown}
 s - a potion of heal wounds {unknown}
 w - a potion of invisibility {unknown}
 z - a potion of mutation {unknown}


   Skills:
 + Level 3.0 Ranged Weapons
 - Level 2.0 Throwing
 + Level 3.4 Dodging
 + Level 3.3 Stealth
 + Level 4.0 Spellcasting
 + Level 0.8 Conjurations
 + Level 3.9 Hexes
 + Level 1.1 Earth Magic
 + Level 3.3 Evocations


You had 8 spell levels left.
You knew the following spells:

 Your Spells              Type           Power      Damage    Failure   Level
a - Slow                  Hex            60%        N/A       3%          1
b - Sandblast             Erth           12%        2d6       11%         1
c - Stone Arrow           Conj/Erth      12%        3d7       32%         3

Your spell library contained the following spells:

 Spells                   Type           Power      Damage    Failure   Level
 Beastly Appendage        Tmut           6%         N/A       17%         1
 Passwall                 Tmut/Erth      4%         N/A       21%         2
 Inner Flame              Hex/Fire       9%         N/A       22%         3
 Wereblood                Tmut           3%         N/A       26%         2
 Spider Form              Tmut/Pois      3%         N/A       45%         3


Dungeon Overview and Level Annotations

Branches:
Dungeon (4/15)
 Temple: D:4-7

Altars:
Ashenzari
Gozag
Hepliaklqana
Kikubaaqudgha
Qazlal
Xom
Zin


Innate Abilities, Weirdness & Mutations

You are very small and have problems with some larger weapons.
You are too small for most types of armour.
You have supernaturally acute eyesight. (SInv)
You cover ground extremely quickly. (Speed+++)


Message History

* * * LOW HITPOINT WARNING * * *
You feel sick. The hornet completely misses you.
You hit the hornet but do no damage.
The hornet is severely wounded.
* * * LOW HITPOINT WARNING * * *
You feel sick. The hornet misses you.
You puncture the hornet!
You kill the hornet!
* * * LOW HITPOINT WARNING * * *
You feel sick.
The centaur is no longer distracted by gold.
Your Ranged Weapons skill increases to level 3!
Your Dodging skill increases to level 3!
Your Stealth skill increases to level 3!
Your Spellcasting skill increases to level 4!
Your Earth Magic skill increases to level 1!
Your Evocations skill increases to level 3!
You have reached level 6!
Calm down first, please.
Unknown command.
Calm down first, please.
There is a lethal amount of poison in your body!
* * * LOW HITPOINT WARNING * * *
You feel sick.
You feel a strong urge to attack something.
* * * LOW HITPOINT WARNING * * *
You feel sick.
* * * LOW HITPOINT WARNING * * *
You feel sick.
You feel your anger nearly subside.
You are no longer berserk.
You are exhausted.
You feel yourself slow down.
* * * LOW HITPOINT WARNING * * *
You feel sick.
The centaur is distracted by your dazzling golden aura.
* * * LOW HITPOINT WARNING * * *
You feel sick.
It was a potion of magic.
Magic courses through your body.
You die...
Your body crumbles into a pile of gold.

##..##
##...........)....
##..#
#................
#..##
##...............
#...#
##...............
##...#
#................
#....#
##...##...........
##...##
#...#####.........
##..### #..##
#......... ##..##
#@## ####......
##..## #.$....#c
###.... #..##
#......#. ##...
#..# #......# ###.
#.## #......# #.
#.## #.....$# ###.
#..# #$.....#
##..# #..#
##+##### ##..##
#..# #..##


You could see a centaur (unaware).

Vanquished Creatures
  A hornet (D:4)
  An iguana (D:4)
  4 adders
  A worm (D:3)
  3 dart slugs
  An orc (D:3)
  6 ball pythons
  10 endoplasms
  6 giant cockroaches
  9 goblins
  5 hobgoblins
  5 kobolds
  2 quokkas
  4 bats
  2 frilled lizards
  10 rats
  2 rat zombies (D:3)
72 creatures vanquished.

Vanquished Creatures (others)
  An angel (D:3)
1 creature vanquished.

Grand Total: 73 creatures vanquished

Notes
Turn   | Place    | Note
-------+----------+-------------------------------------------
     0 | D:1      | Descartes the Spriggan Wanderer began the quest for the
                  | Orb.
     0 | D:1      | Descartes set off with the following items: a +2 sling, 7
                  | poisoned darts, a +0 dagger, a potion of lignification, a
                  | +0 robe; and the following spell memorised: Slow; and the
                  | following spells available to memorise: Inner Flame.
     0 | D:1      | Reached XP level 1. HP: 9/9 MP: 5/5
    48 | D:1      | Reached XP level 2. HP: 13/13 MP: 6/6
   100 | D:1      | Reached skill level 1 in Stealth
   261 | D:1      | Reached skill level 3 in Spellcasting
   464 | D:1      | Reached XP level 3. HP: 16/16 MP: 8/8
   700 | D:2      | Found a faded altar of an unknown god.
  1543 | D:3      | Reached XP level 4. HP: 21/21 MP: 9/9
  1614 | D:3      | Found a broken altar of Ashenzari.
  1708 | D:3      | Found a shimmering altar of Xom.
  1709 | D:3      | Noticed an angel
  1713 | D:3      | Found a glowing silver altar of Zin.
  1865 | D:3      | Found a hazy altar of Hepliaklqana.
  1866 | D:3      | Found a stormy altar of Qazlal.
  1880 | D:3      | Found an opulent altar of Gozag.
  1918 | D:3      | Became a worshipper of Gozag Ym Sagoz the Greedy
  1979 | D:3      | Found an ancient bone altar of Kikubaaqudgha.
  2144 | D:3      | Killed an angel
  2457 | D:4      | Learned a level 1 spell: Sandblast
  2461 | D:4      | Learned a level 3 spell: Stone Arrow
  2586 | D:4      | Reached XP level 5. HP: 24/24 MP: 11/11
  2670 | D:4      | Noticed a hornet
  2670 | D:4      | Noticed a centaur
  2673 | D:4      | Paralysed by a hornet for 2 turns
  2683 | D:4      | Killed a hornet
  2684 | D:4      | Reached skill level 4 in Spellcasting
  2684 | D:4      | Reached skill level 1 in Earth Magic
  2684 | D:4      | Reached XP level 6. HP: 7/28 MP: 11/13
  2688 | D:4      | HP: 1/28 [poisoned by a hornet]
  2689 | D:4      | Succumbed to a hornet's poison

Illustrated notes

Levels and vault maps discovered:
D:1:      spicycebolla_green_bress_n_ham_2, layout_basic
D:2:      layout_basic, nicolae_ecumenical_pavilion,
          hangedman_abyss_or_decor_stabs, serial_bayou_pond_d
D:3:      cheibrodos_helix_gallery, layout_rooms,
          grunt_temple_overflow_order_and_chaos_1,
          lemuel_zombie_altar_kikubaaqudgha, lemuel_doored_altar,
          nicolae_ashenzari_panopticon, mainiacjoe_overflow_divided_tiny,
          dk_noncrumbling_4
D:4:      minmay_clustersquares, layout_layer_cave

Skill      XL: |  1  2  3  4  5 |
---------------+----------------+-----
Stealth        | 1 2 3 |  3.3
Evocations     | 2 3 |  3.3
Dodging        | 2 3 |  3.4
Spellcasting   | 3 4 |  4.0
Hexes          | 3 |  3.9
Ranged Weapons | 3 |  3.0
Earth Magic    | 1 |  1.1
Throwing       | |  2.0
Conjurations   | |  0.8

Action                   |  1- 3 |  4- 6 || total
-------------------------+-------+-------++-------
Melee: Dagger            |       |     5 ||     5
 Fire: Sling             |    92 |    80 ||   172
Evoke: Wand              |       |     2 ||     2
  Use: Potion            |       |     2 ||     2
Armor: Robe              |     5 |     2 ||     7
Dodge: Dodged            |    29 |    33 ||    62
